 Dungeon Crawl Stone Soup version 0.29-a0-337-g68df138881 (webtiles) character file.

Game seed: 3124696670811305047

1 spaghetti the Conjurer (level 1, 0/14 HPs)
             Began as a Demigod Conjurer on Apr 16, 2022.
             Slain by a ball python (3 damage)
             ... on level 1 of the Dungeon.
             The game lasted 00:00:27 (26 turns).

spaghetti the Conjurer (Demigod Conjurer)             Turns: 26, Time: 00:00:28

Health: 0/14       AC:  2    Str:  8    XL:     1   Next: 13%
Magic:  5/5        EV: 12    Int: 20    God:
Gold:   0          SH:  0    Dex: 12    Spells: 2/3 levels left

rFire   . . .      SeeInvis .   (no weapon)
rCold   . . .      Faith    .   (no shield)
rNeg    . . .      Spirit   .   a - +0 robe
rPois   .          Reflect  .   (no helmet)
rElec   .          Harm     .   (no cloak)
rCorr   .          Rampage  .   (no gloves)
Will    .....                   (no boots)
Stlth   ++........              (no amulet)
HPRegen 0.04/turn               (no ring)
MPRegen 0.09/turn               (no ring)

@: no status effects
A: high MP 1, forlorn, divine attributes
a: no special abilities


You were on level 1 of the Dungeon.
You visited 1 branch of the dungeon, and saw 1 of its levels.


Innate Abilities, Weirdness & Mutations

You have an increased reservoir of magic. (+10% MP)
You shall have no god before yourself.
Your divine heritage dramatically boosts your attributes as you level up.


   Skills:
 + Level 0.0 Fighting
 + Level 1.7 Dodging
 - Level 1.7 Stealth
 * Level 1.8 Spellcasting
 * Level 3.6 Conjurations


You had 2 spell levels left.
You knew the following spells:

 Your Spells              Type           Power      Damage    Failure   Level
a - Magic Dart            Conj           64%        1d6       3%          1

Your spell library contained the following spells:

 Spells                   Type           Power      Damage    Failure   Level
 Searing Ray              Conj           32%        2d5       5%          2
 Dazzling Flash           Conj/Hex       18%        N/A       22%         3
 Fulminant Prism          Conj/Hex       4%         3d6       58%         4
 Iskenderun's Mystic Bla  Conj/Tloc      9%         2d4       58%         4

Inventory:

Armour
 a - a +0 robe (worn)

Dungeon Overview and Level Annotations

Branches:
Dungeon (1/15)

######### #.......#
#.......# ##
#.......# #
#.###.......#
##.###.#.#...@...#
.........###S######
........r.r.........
...........g........
#....#'##K.........
.?.. #.#...........
## ##.##..........
+8K8'..........
#...###########


You could see a gnoll, a quokka, a ball python and a kobold.


Message History

🤖 Initializing magus.rc ...
Options error: Delay interrupt name "hungry" not recognised. (~/.crawlrc:4761) Options error: Bad monster_list_colour key: strict_neutral (~/.crawlrc:4776) ✅ Successfully initialized magus.rc [v1.9.6] Welcome, spaghetti the Demigod Conjurer.
The terrific Orb of Zot lies far below, as if waiting for you to find it.
Press ? for a list of commands and other information.
Found a staircase leading out of the dungeon.
You open the door.
A hobgoblin comes into view.
A hobgoblin is nearby!
A hobgoblin is nearby!
A hobgoblin is nearby!
A hobgoblin is nearby!
A hobgoblin is nearby!
Casting: Magic Dart (safe; 3% risk of failure)
Confirm with . or Enter, or press ? or * to list all spells.
You don't know that spell.
Casting: Magic Dart (safe; 3% risk of failure)
Confirm with . or Enter, or press ? or * to list all spells.
Aiming: Magic Dart (safe; 3% risk of failure)
Press: ? - help, Shift-Dir - straight line, f - hobgoblin
Aim: a hobgoblin (asleep, 100% to hit)
The magic dart hits the hobgoblin.
The hobgoblin shouts!
You hear a shout!
You hear an angry hiss.
A ball python comes into view.
A gnoll comes into view. It is wielding a +0 spear. 😎 MP[-1]
You lost 1 mp, and now have 4/5 mp.
The magic dart hits the hobgoblin.
You kill the hobgoblin!
The ball python hisses angrily. 😎 MP[-1]
You lost 1 mp, and now have 3/5 mp.
The magic dart hits the gnoll. 😎 MP[-1]
You lost 1 mp, and now have 2/5 mp.
The magic dart hits the gnoll.
A kobold comes into view.
It is wielding a +0 short sword. 😎 MP[-1]
You lost 1 mp, and now have 1/5 mp.
The magic dart hits the gnoll but does no damage.
The kobold shouts!
The gnoll barely misses you. 😎 MP[-1]
You lost 1 mp, and now have 0/5 mp.
You close the door.
A gnoll opens the door.
You close the door.
A gnoll breaks down the door.
It's broken and can't be closed.
The ball python attacks as you move away!
The ball python bites you. 😕 HP[-2]
You take 2 damage, and now have 12/14 hp.
You open the door. The ball python barely misses you.
The ball python grabs you. The ball python constricts you.
You escape the ball python's grasp.
A quokka comes into view.
There is an open door here. 😕 MP[+1] Unknown command.
Okay, then.
The ball python attacks as you move away!
The ball python completely misses you. The ball python barely misses you.
The ball python attacks as you move away!
The ball python bites you.
The ball python barely misses you. 😕 HP[-1]
You take 1 damage, and now have 11/14 hp.
You open the door. The ball python bites you. The ball python grabs you.
The ball python constricts you. The ball python barely misses you.
The ball python constricts you.
The gnoll hits you from afar with a +0 spear!
Ouch! That really hurt!
* * * LOW HITPOINT WARNING * * *
😱 HP[-9]
You take 9 damage, and now have 2/14 hp.
MASSIVE DAMAGE!! (PAUSE)
You escape the ball python's grasp.
There is an open door here. 😱 HP[+1] Magic courses through your body.
The ball python bites you.
You die...

Action                   || total
-------------------------++-------
 Cast: Magic Dart        ||     5
  Use: Potion            ||     1
Dodge: Dodged            ||     6

Levels and vault maps discovered:
D:1:      wander_arrival_chamber, layout_basic,
          dreamdust_ecumenical_altar_drowned_temple

Notes
Turn   | Place    | Note
-------+----------+-------------------------------------------
     0 | D:1      | spaghetti the Demigod Conjurer began the quest for the Orb.
     0 | D:1      | Reached XP level 1. HP: 14/14 MP: 5/5
     0 | D:1      | magus.rc [v1.9.6]
    23 | D:1      | HP: 2/14 [gnoll/+0 spear (7)]
    26 | D:1      | Slain by a ball python

Vanquished Creatures
  A hobgoblin (D:1)
1 creature vanquished.

Table legend:
 A = Non-vault XP
 B = Vault XP
 C = Vault XP percentage of total XP
 D = Non-vault monster count
 E = Vault monster count
 F = Vault count percentage of total count
                 A         B        C        D         E       F
            +---------+---------+-------+---------+---------+-------
      Total |       2 |       0 |   0.0 |       1 |       0 |   0.0
            +---------+---------+-------+---------+---------+-------
        D:1 |       2 |       0 |   0.0 |       1 |       0 |   0.0
            +---------+---------+-------+---------+---------+-------

Illustrated notes

Table legend:
 A = Kills in this place as a percentage of kills in entire the game.
 B = Kills by you in this place as a percentage of kills by you in the entire game.
 C = Kills by friends in this place as a percentage of kills by friends in the entire game.
 D = Other kills in this place as a percentage of other kills in the entire game.
 E = Experience gained in this place as a percentage of experience gained in the entire game.
 F = Experience gained in this place divided by the number of levels of this place that you have seen.
                   A       B       C       D       E      F
               +-------+-------+-------+-------+-------+----------------------
         Total | 100.0 | 100.0 |   N/A |   N/A | 100.0 |   2.0
       Dungeon | 100.0 | 100.0 |   N/A |   N/A | 100.0 |   2.0
               +-------+-------+-------+-------+-------+----------------------

Table legend: (Time is in decaauts)
 A = Elapsed time spent in this place.
 B = Non-inter-level travel time spent in this place.
 C = Inter-level travel time spent in this place.
 D = Time resting spent in this place.
 E = Time spent auto-exploring this place.
 F = Levels seen in this place.
 G = Mean time per level.
                   A        B        C        D        E       F      G
               +--------+--------+--------+--------+--------+-----+--------+
         Total |     26 |     26 |      0 |      0 |      6 |   1 |   26.0 |
       Dungeon |     26 |     26 |      0 |      0 |      6 |   1 |   26.0 |
               +--------+--------+--------+--------+--------+-----+--------+

Top non-repeatable levels by time:
     D:1: 26 daAuts
